 Dungeon Crawl Stone Soup version 0.30-a0-652-gcc886f7154 (webtiles) character file.

Game seed: 4225792614868536209

144 Dittersdorf the Trooper (level 5, -3/33 HPs)
             Began as a Gargoyle Fighter on Jan 17, 2023.
             Slain by a black bear (5 damage)
             ... on level 4 of the Dungeon.
             The game lasted 00:03:45 (2306 turns).

Dittersdorf the Trooper (Gargoyle Fighter)          Turns: 2306, Time: 00:03:45

Health: -3/33      AC: 14    Str: 22    XL:     5   Next: 27%
Magic:  5/5        EV:  9    Int:  8    God:
Gold:   174        SH:  4    Dex:  9    Spells: 4/4 levels left

rFire   . . .      SeeInvis .    a - +1 flail
rCold   . . .      Faith    .    c - +0 buckler
rNeg    + . .      Spirit   .    b - +0 scale mail
rPois   ∞          Reflect  .    h - +2 helmet
rElec   +          Harm     .    (no cloak)
rCorr   .          Rampage  .    (no gloves)
Will    .....                    (no boots) Stlth
                                 (no amulet)
HPRegen 0.25/turn                (no ring)
MPRegen 0.09/turn                (no ring)

@: no status effects
A: sickness immunity, AC +4, negative energy resistance 1, electricity
resistance, torment resistance 1, petrification resistance
a: no special abilities


You were on level 4 of the Dungeon.
You visited 1 branch of the dungeon, and saw 4 of its levels.

You collected 174 gold pieces.

Inventory:

Hand Weapons
 a - a +1 flail (weapon)
Missiles
 m - 11 poisoned darts (quivered)
Armour
 b - a +0 scale mail (worn)
 c - a +0 buckler (worn)
 h - a +2 helmet (worn)
Wands
 o - a wand of flame (1)
Scrolls
 e - 3 scrolls of enchant weapon
Potions
 d - 2 potions of might
 f - 3 potions of invisibility
 g - 2 potions of resistance
 i - a potion of degeneration {unknown}
 j - 2 potions of brilliance
 k - 2 potions of heal wounds {unknown}
 l - a potion of magic {unknown}
 n - 2 potions of ambrosia {unknown}
 p - a potion of flight {unknown}
 q - a potion of curing {unknown}


   Skills:
 + Level 4.2 Fighting
 + Level 3.1 Maces & Flails
 + Level 4.2 Armour
 + Level 4.2 Shields


You had 4 spell levels left.
You didn't know any spells.
Your spell library contained the following spells:

 Spells                   Type           Power      Damage    Failure   Level
 Necrotise                Necr           0%         1d4       82%         1
 Wereblood                Tmut           0%         N/A       91%         2
 Inner Flame              Hex/Fire       0%         N/A       99%         3
 Vampiric Draining        Necr           0%         2d6       99%         3
 Flame Wave               Conj/Fire      0%         2d4       100%        4
 Sticky Flame             Conj/Fire      0%         2d3       100%        4
 Agony                    Necr           0%         N/A       100%        5
 Summon Hydra             Summ           0%         N/A       100%        7
 Sublimation of Blood     Necr           Unusable   N/A       N/A         2

Dungeon Overview and Level Annotations

Branches:
Dungeon (4/15)
 Temple: D:4-7

Altars:
Cheibriados
Makhleb
Qazlal
Vehumet

Shops:
D:2 :


Innate Abilities, Weirdness & Mutations

You are immune to sickness and miasma.
Your stone body is resilient. (AC +4)
You are immune to poison.
You resist negative energy. (rN+)
You are resistant to electric shocks. (rElec)
You are resistant to unholy torment.
You are immune to petrification.


Message History

You are too injured to fight recklessly!
You are too injured to fight recklessly!
You are too injured to fight recklessly!
You are too injured to fight recklessly!
You are too injured to fight recklessly!
You are too injured to fight recklessly!
You are too injured to fight recklessly!
You are too injured to fight recklessly!
You are too injured to fight recklessly!
You are too injured to fight recklessly!
You are too injured to fight recklessly!
You are too injured to fight recklessly!
You are too injured to fight recklessly!
You are too injured to fight recklessly!
You are too injured to fight recklessly!
The endoplasm jiggles.
The black bear barely misses you. The black bear claws you.
* * * LOW HITPOINT WARNING * * *
The black bear barely misses you.
The black bear attacks as you move away!
The black bear barely misses you.
The black bear claws you but does no damage. x2
The black bear completely misses you.
The black bear claws you but does no damage.
The black bear completely misses you.
The black bear attacks as you move away!
The black bear bites you.
* * * LOW HITPOINT WARNING * * *
The black bear claws you but does no damage. x2
The black bear completely misses you.
The black bear claws you but does no damage. x2
Throw: 12 darts (poison)
Press: ? - help, Q - select action, (/) - cycle Shift-Dir - straight line, f - black bear
Aim: a black bear (severely wounded, berserk, 64% to hit)
You throw a poisoned dart. The poisoned dart hits the black bear.
The black bear is poisoned.
The black bear is severely wounded.
The black bear bites you but does no damage.
The black bear closely misses you. The black bear claws you.
You die...

###### #.. ####......
##.. ###......?.. #...
#....)..)⌠/. #...
#...?†...[.. ###...
##..###...... ####.....
#...J.#########....†...
#....h.................
#⌠....@.)............##
#####...........######
#############


You could see a black bear (berserk, poisoned) and an endoplasm.

Vanquished Creatures
  A crimson imp (D:3)
  4 adders
  A worm (D:2)
  3 dart slugs
  2 orcs
  5 ball pythons
  6 endoplasms
  4 giant cockroaches
  4 goblins
  6 hobgoblins
  9 jackals
  3 bats
  6 kobolds
  7 rats
61 creatures vanquished.

Notes
Turn   | Place    | Note
-------+----------+-------------------------------------------
     0 | D:1      | Dittersdorf the Gargoyle Fighter began the quest for the
                  | Orb.
     0 | D:1      | Reached XP level 1. HP: 14/14 MP: 1/1
   126 | D:1      | Reached XP level 2. HP: 19/19 MP: 2/2
   950 | D:2      | Found Kixopnegg's Book Shop.
   997 | D:2      | Reached XP level 3. HP: 24/24 MP: 3/3
  1213 | D:2      | Found a stormy altar of Qazlal.
  1395 | D:3      | Reached XP level 4. HP: 29/29 MP: 4/4
  1429 | D:3      | Found a snail-covered altar of Cheibriados.
  1721 | D:3      | Found a burning altar of Makhleb.
  1722 | D:3      | Found a radiant altar of Vehumet.
  1726 | D:3      | Reached XP level 5. HP: 33/33 MP: 5/5
  2291 | D:4      | Noticed a black bear
  2304 | D:4      | HP: 1/33 [black bear (4)]
  2306 | D:4      | Slain by a black bear

Illustrated notes

Levels and vault maps discovered:
D:1:      eino_arrival_cavern_d, layout_basic, serial_rivers,
          chequers_serial_rivers_room_a, chequers_serial_rivers_micro_d,
          chequers_serial_rivers_small_a, chequers_serial_rivers_small_b,
          chequers_serial_rivers_micro_e
D:2:      layout_rooms, basic_altar, serial_shops, nicolae_diamond_shop
D:3:      layout_rooms, grunt_temple_overflow_lords_of_destruction,
          mainiacjoe_overflow_six_doors_small
D:4:      kennysheep_spiral_hall, layout_cave_pools

Skill      XL: |  1  2  3  4 |
---------------+-------------+-----
Fighting       | 4 |  4.2
Armour         | 4 |  4.2
Maces & Flails | 3 |  3.1
Shields        | 4 |  4.2

Action                   |  1- 3 |  4- 6 || total
-------------------------+-------+-------++-------
Melee: Flail             |   105 |    89 ||   194
Throw: Dart              |       |     1 ||     1
  Use: Scroll            |       |    10 ||    10
Armor: Scale mail        |    62 |    86 ||   148
Dodge: Dodged            |    45 |    67 ||   112
Block: Buckler           |    23 |    25 ||    48

Table legend: (Time is in decaauts)
 A = Elapsed time spent in this place.
 B = Non-inter-level travel time spent in this place.
 C = Inter-level travel time spent in this place.
 D = Time resting spent in this place.
 E = Time spent auto-exploring this place.
 F = Levels seen in this place.
 G = Mean time per level.
                   A        B        C        D        E       F      G
               +--------+--------+--------+--------+--------+-----+--------+
         Total |   2370 |   2295 |     75 |      0 |   1806 |   4 |  592.5 |
       Dungeon |   2370 |   2295 |     75 |      0 |   1806 |   4 |  592.5 |
               +--------+--------+--------+--------+--------+-----+--------+

Top non-repeatable levels by time:
     D:1: 950 daAuts
     D:3: 561 daAuts
     D:4: 447 daAuts
     D:2: 410 daAuts
